 Dungeon Crawl Stone Soup version 0.29.1-2-gbd0b4ee654 (webtiles) character file.

Game seed: 10415018988766082918

1418 LustLizard the Skirmisher (level 8, -8/43 HPs)
             Began as a Spriggan Hunter on Oct 24, 2022.
             Was a Follower of Dithmenos.
             Killed from afar by a white imp (9 damage)
             ... with a puff of frost
             ... on level 6 of the Dungeon.
             The game lasted 00:09:49 (5372 turns).

LustLizard the Skirmisher (Spriggan Hunter)         Turns: 5372, Time: 00:09:49

Health: -8/43      AC:  3    Str:  7    XL:     8   Next: 43%
Magic:  9/9        EV: 18    Int: 11    God:    Dithmenos [*.....]
Gold:   297        SH:  0    Dex: 20    Spells: 7/7 levels left

rFire   . . .      SeeInvis +   e - +2 sling (flame)
rCold   . . .      Faith    .   (no shield)
rNeg    + . .      Spirit   .   h - +1 robe {Archmagi}
rPois   .          Reflect  .   (helmet restricted)
rElec   .          Harm     .   (no cloak)
rCorr   .          Rampage  .   (gloves unavailable)
Will    +....      Archmagi +   (boots unavailable)
Stlth   +++.......              (no amulet)
HPRegen 0.14/turn               j - ring of positive energy
MPRegen 0.11/turn               (no ring)

@: wreathed by umbra, very quick
A: very small, no large weapons, unfitting armour, see invisible, speed 3
a: Renounce Religion


You were on level 6 of the Dungeon.
You worshipped Dithmenos.
Dithmenos was aware of your devotion.
You visited 2 branches of the dungeon, and saw 7 of its levels.
You also visited: Sewer.

You collected 297 gold pieces.

Inventory:

Hand Weapons
 a - a +0 shortbow
 e - a +2 sling of flaming (weapon)
Armour
 c - a +0 robe
 h - a +1 robe of the Archmagi (worn)
Jewellery
 j - a ring of positive energy (left hand)
Scrolls
 b - 2 scrolls of immolation
 d - 2 scrolls of enchant armour
 f - a scroll of blinking {unknown}
 i - 2 scrolls of teleportation
 k - a scroll of enchant weapon {unknown}
 m - 2 scrolls of butterflies {unknown}
 n - a scroll of acquirement {unknown}
 s - a scroll of noise {unknown}
Potions
 g - a potion of curing
 l - 3 potions of mutation
 o - 2 potions of invisibility
 p - a potion of might
 q - a potion of attraction {unknown}
 r - a potion of resistance {unknown}
 t - a potion of ambrosia {unknown}
 u - 2 potions of haste {unknown}


   Skills:
 + Level 5.2 Fighting
 * Level 9.5 Ranged Weapons
 - Level 2.6 Dodging
 - Level 1.5 Stealth


You had 7 spell levels left.
You didn't know any spells.
Your spell library contained the following spells:

 Spells                   Type           Power      Damage    Failure   Level
 Freeze                   Ice            0%         1d3       34%         1
 Frozen Ramparts          Ice            0%         1d1       71%         3
 Hailstorm                Conj/Ice       0%         3d3       98%         4


Dungeon Overview and Level Annotations

Branches:
Dungeon (6/15)             Temple (1/1) D:4           Sewer (visited)

Altars:
Ashenzari
Cheibriados
Dithmenos
Fedhas
Gozag
Hepliaklqana
Kikubaaqudgha
Makhleb
Nemelex Xobeh
Okawaru
Qazlal
Ru
Sif Muna
Trog
Uskayaw
Vehumet
Wu Jian
Xom
Yredelemnul
Zin

Shops:
D:4 =   D:6 :


Innate Abilities, Weirdness & Mutations

You are very small and have problems with some larger weapons.
You are too small for most types of armour.
You have supernaturally acute eyesight. (SInv)
You cover ground extremely quickly. (Speed+++)


Message History

Fire: e) +2 sling (flame)
Press: ? - help, Q - select action Shift-Dir - straight line, f - scorpion
Aim: a scorpion (68% to hit)
You shoot a sling bullet.
The sling bullet closely misses the scorpion.
Unknown command.
Fire: e) +2 sling (flame)
Press: ? - help, Q - select action Shift-Dir - straight line, f/p - scorpion
Aim: a scorpion (68% to hit)
You shoot a sling bullet. The sling bullet hits the scorpion!
The sling bullet burns the scorpion.
The scorpion is almost dead.
A white imp comes into view.
Fire: e) +2 sling (flame)
Press: ? - help, Q - select action Shift-Dir - straight line, f/p - scorpion
Aim: a scorpion (almost dead, 68% to hit)
You shoot a sling bullet.
The sling bullet hits the scorpion but does no damage.
The scorpion is almost dead.
A bullfrog comes into view.
Fire: e) +2 sling (flame)
Press: ? - help, Q - select action Shift-Dir - straight line, f/p - scorpion
Aim: a scorpion (almost dead, 68% to hit)
You shoot a sling bullet.
The sling bullet hits the scorpion but does no damage.
The scorpion is almost dead.
The sentinel's mark upon you fades away.
The white imp gestures at you. The puff of frost hits you!
* * * LOW HITPOINT WARNING * * *
Fire: e) +2 sling (flame)
Press: ? - help, Q - select action Shift-Dir - straight line, f/p - scorpion
Aim: a scorpion (almost dead, umbra, 68% to hit)
You shoot a sling bullet. The sling bullet hits the scorpion.
The sling bullet burns the scorpion.
You kill the scorpion!
Dithmenos accepts your kill. The white imp gestures at you.
The puff of frost hits you!
You die...

......$.# .
........# F#
........###5###
...............
...............
..!............
...............
.......@......[
...............
...............
.............?.
##.#####.......
# .......
....... ......!


You could see a bullfrog and a white imp.

Vanquished Creatures
  Grinder (D:4)
  Sigmund (D:2)
  A human (D:5)
  3 ogres (D:5)
  A necrophage (D:4)
  2 scorpions
  A howler monkey (D:3)
  3 hounds (D:5)
  A jelly (D:6)
  A human skeleton (D:5)
  An iguana (D:5)
  2 orc wizards (D:5)
  A gnoll (D:1)
  12 adders
  5 river rats (Sewer)
  A white imp (D:5)
  2 worms
  3 dart slugs
  7 orcs
  9 bats
  8 endoplasms
  4 giant cockroaches
  4 goblins
  9 hobgoblins
  5 jackals
  5 quokkas
  10 ball pythons
  4 frilled lizards
  A goblin skeleton (D:5)
  17 kobolds
  5 rats
130 creatures vanquished.

Vanquished Creatures (others)
  10 plants (Sewer)
10 creatures vanquished.

Grand Total: 140 creatures vanquished

Notes
Turn   | Place    | Note
-------+----------+-------------------------------------------
     0 | D:1      | LustLizard the Spriggan Hunter began the quest for the Orb.
     0 | D:1      | Reached XP level 1. HP: 10/10 MP: 2/2
    55 | D:1      | Found a faded altar of an unknown god.
   237 | D:1      | Reached XP level 2. HP: 14/15 MP: 3/3
   456 | D:1      | Reached XP level 3. HP: 18/18 MP: 4/4
   796 | D:2      | Reached skill level 5 in Ranged Weapons
   893 | D:2      | You fall into a shaft and drop 1 floor!
  1005 | D:2      | Noticed Sigmund
  1271 | D:2      | Killed Sigmund
  1272 | D:2      | Reached skill level 6 in Ranged Weapons
  1272 | D:2      | Reached XP level 4. HP: 24/24 MP: 5/5
  1272 | D:2      | Reached XP level 5. HP: 28/28 MP: 6/6
  1624 | D:3      | Reached XP level 6. HP: 32/32 MP: 7/7
  1750 | D:3      | Found a blossoming altar of Fedhas.
  1918 | D:4      | Found Fiesian's Jewellery Boutique.
  1971 | D:4      | Found a glowing drain.
  2001 | D:4      | Found a shimmering blue altar of Sif Muna.
  2018 | D:4      | Found a staircase to the Ecumenical Temple.
  2026 | Temple   | Entered the Ecumenical Temple
  2083 | Temple   | Became a worshipper of Dithmenos the Shadowed
  2125 | Sewer    | Entered a sewer
  3303 | D:4      | Reached skill level 7 in Ranged Weapons
  3420 | D:4      | Noticed Grinder
  3434 | D:4      | Killed Grinder
  3435 | D:4      | Reached XP level 7. HP: 34/37 MP: 8/8
  3532 | D:4      | Reached * piety under Dithmenos
  3845 | D:5      | Entered Level 5 of the Dungeon
  3845 | D:5      | Noticed a human
  3845 | D:5      | Found a runed translucent door.
  3867 | D:4      | Reached skill level 8 in Ranged Weapons
  4134 | D:5      | Found a basalt altar of Yredelemnul.
  4220 | D:5      | Found an opulent altar of Gozag.
  4709 | D:5      | Reached XP level 8. HP: 41/42 MP: 9/9
  4948 | D:5      | Reached skill level 5 in Fighting
  4948 | D:5      | Reached skill level 9 in Ranged Weapons
  5263 | D:6      | Found Jesaob's Self-Improvement Boutique.
  5371 | D:6      | HP: 1/43 [white imp/puff of frost (13)]
  5372 | D:6      | Killed from afar by a white imp

Illustrated notes

Levels and vault maps discovered:
D:1:      dpeg_arrival_tiny_b, layout_loops_ring,
          ebering_ecumenical_altar_petrified, kennysheep_crisscross
D:2:      layout_rooms, grunt_ministairs_11, uniq_sigmund
D:3:      layout_loops_ring, lemuel_tele_altar
D:4:      layout_gridville, mainiacjoe_overflow_paths,
          minmay_temple_entry_glassed_door, serial_shops, shop_fountains,
          cheibrodos_sewer_entry_sluice, uniq_grinder
D:5:      layout_basic, amcnicky_altar_gilded, dk_yredelemnul_ordeal,
          grunt_decor_mini_mirrors
D:6:      layout_basic, general_overflow_altar, minmay_hedge_maze,
          nicolae_shop_self_help
Temple:   kb_temple_of_zot

Skill      XL: |  1  2  3  4  5  6  7  8 |
---------------+-------------------------+-----
Fighting       | 2 3 4 5 |  5.2
Ranged Weapons | 6 7 8 9 |  9.5
Dodging        | |  2.6
Stealth        | |  1.5

Action                   |  1- 3 |  4- 6 |  7- 9 || total
-------------------------+-------+-------+-------++-------
 Fire: Shortbow          |    26 |       |       ||    26
       Sling             |    90 |   144 |   143 ||   377
  Use: Scroll            |       |     2 |     5 ||     7
Armor: Robe              |     3 |     2 |       ||     5
Dodge: Dodged            |    31 |    29 |    30 ||    90
